AoeStats
← Lo Elo Dummy

African Clearing

511144192Analyzed
4v4 RM · 21d ago on Oct 3, 2026· 60m 57s· 8 players
Game mode
Random Map
Map size
Large (8 player)
Population
200
Speed
Normal
Resources
Standard
Victory
Conquest
Starting age
Dark Age
Ending age
Imperial Age
RankedLock teamsTeams togetherTeam positionsShared explorationLock speedFull tech treeHidden civsTurbo modeCheats
Victory
Defeat
🇺🇸 Celts · United States
1002
+14
🇺🇸 Britons · United States
988
+15
🇧🇩 Goths · Bangladesh
958
+16
🇺🇸 Franks · United States
942
+17
vs
🇬🇧 Vikings · United Kingdom
1012
-17
🇨🇳 Huns · China
996
-17
🇺🇸 Maya · United States
957
-15
🇫🇷 Burgundians · France
894
-13
Wolf
3:54 Loom
16:47 Feudal Age
22:03 Scale Mail Armor
22:14 Forging
22:08 Double-Bit Axe
25:50 Castle Age
23:48 Stone Mining
23:54 Gold Mining
26:53 Wheelbarrow
28:00 Iron Casting
27:40 Chain Mail Armor
27:38 Pikeman
28:18 Squires
33:26 Bow Saw
38:26 Imperial Age
39:25 Anarchy
39:59 Halberdier
42:36 Blast Furnace
42:57 Perfusion
46:10 Elite Huskarl
47:11 Conscription
51:52 Two-Man Saw
51:16 Hand Cart
55:08 Heavy Scorpion
55:59 Capped Ram
Byte
14:29 Feudal Age
12:47 Loom
15:21 Double-Bit Axe
15:22 Horse Collar
22:01 Castle Age
24:10 Town Watch
25:28 Bow Saw
25:21 Elite Skirmisher
25:48 Pikeman
27:42 Squires
30:55 Wheelbarrow
32:00 Heavy Plow
32:32 Fletching
33:37 Town Patrol
34:48 Bodkin Arrow
34:53 Padded Archer Armor
35:47 Hand Cart
36:21 Yeomen
36:56 Leather Archer Armor
38:01 Ballistics
39:53 Gold Mining
39:53 Stone Mining
44:02 Imperial Age
44:13 Gold Shaft Mining
45:06 Conscription
44:06 Elite Longbowman
48:33 Chemistry
47:36 Bracer
48:06 Ring Archer Armor
49:59 Onager
52:54 Scale Barding Armor
54:08 Capped Ram
Blitz818
12:27 Feudal Age
15:49 Forging
15:44 Scale Barding Armor
16:32 Scale Barding Armor
24:55 Castle Age
26:51 Husbandry
27:30 Iron Casting
27:16 Chain Barding Armor
31:34 Loom
34:39 Wheelbarrow
36:51 Pikeman
41:44 Hand Cart
51:36 Imperial Age
51:46 Cavalier
54:21 Blast Furnace
54:09 Plate Barding Armor
53:51 Paladin
moisttoilet
3:48 Loom
12:50 Feudal Age
13:23 Town Watch
15:09 Horse Collar
22:33 Castle Age
21:41 Scale Mail Armor
22:12 Gold Mining
22:12 Stone Mining
24:29 Wheelbarrow
23:45 Double-Bit Axe
26:28 Chain Mail Armor
26:23 Forging
29:19 Arson
28:56 Pikeman
36:35 Forging
39:22 Imperial Age
40:37 Plate Mail Armor
40:44 Iron Casting
40:33 Conscription
40:09 Capped Ram
42:11 Man-at-Arms
42:37 Gambesons
42:42 Long Swordsman
44:57 Blast Furnace
44:11 Two-Handed Swordsman
45:16 Town Patrol
46:58 Masonry
47:18 Murder Holes
50:55 Hoardings
50:25 Fletching
53:40 Hand Cart
57:14 Fervor
58:46 Champion
Ujio.AF
5:31 Wheelbarrow
5:19 Loom
18:04 Feudal Age
18:26 Double-Bit Axe
18:28 Horse Collar
19:26 Hand Cart
21:08 Bow Saw
24:55 Castle Age
23:07 Heavy Plow
23:28 Gold Mining
25:25 Gold Shaft Mining
26:05 Husbandry
25:27 Cavalier
26:20 Forging
27:13 Crop Rotation
29:38 Iron Casting
31:57 Two-Man Saw
31:54 Scale Barding Armor
33:21 Chain Barding Armor
34:25 Fletching
34:36 Padded Archer Armor
38:32 Bodkin Arrow
38:53 Leather Archer Armor
44:17 Elite Skirmisher
49:23 Imperial Age
51:48 Imperial Age
49:03 Town Watch
51:43 Stone Mining
52:46 Burgundian Vineyards
53:09 Ballistics
53:13 Conscription
54:58 Chemistry
54:25 Treadmill Crane
55:13 Paladin
58:16 Blast Furnace
57:52 Plate Barding Armor
57:56 Bracer
Stardenburdenhardenbart
5:37 Loom
13:41 Feudal Age
14:37 Double-Bit Axe
14:35 Horse Collar
17:43 Gold Mining
23:27 Castle Age
22:09 Fletching
23:36 Padded Archer Armor
24:08 Bloodlines
Horahlooks
3:31 Loom
15:06 Feudal Age
19:24 Castle Age
17:35 Double-Bit Axe
18:08 Scale Barding Armor
20:25 Bow Saw
27:32 Horse Collar
28:39 Forging
29:45 Chain Barding Armor
30:07 Gold Mining
30:59 Scale Mail Armor
34:06 Chain Mail Armor
34:28 Iron Casting
38:43 Imperial Age
35:59 Town Watch
38:08 Chieftains
39:09 Squires
39:54 Plate Mail Armor
40:24 Blast Furnace
39:46 Conscription
40:22 Gold Shaft Mining
42:49 Elite Varangian Guard
43:40 Stone Mining
45:17 Blast Furnace
46:37 Elite Berserk
49:12 Arson
51:53 Capped Ram
55:18 Siege Ram
Lo Elo Dummy
5:15 Loom
13:01 Feudal Age
17:30 Fletching
17:44 Double-Bit Axe
20:53 Castle Age
21:40 Crossbowman
23:04 Padded Archer Armor
30:14 Stone Mining
33:41 Wheelbarrow
33:55 Thumb Ring
38:50 Forging
38:40 Scale Mail Armor
38:21 Eagle Warrior
40:18 Gold Mining
48:27 Bow Saw
57:43 Iron Casting
Connection lost

Rejoining the realm…

Still unreachable

The connection could not be restored.

Session expired

The server has moved on; the page needs a fresh start.